 Dungeon Sprint DCSS version 0.22.1-1-ga44c0e56f4 (webtiles) character file.

10 MuseOD the Sneak (level 2, -10/14 HPs)
             Began as a Spriggan Enchanter on Sept 21, 2018.
             Was an Initiate of Dithmenos.
             Mangled by a crocodile (17 damage)
             ... in the Dungeon (Sprint II: "The Violet Keep of Menkaure").
             The game lasted 00:01:02 (61 turns).

MuseOD the Sneak (Spriggan Enchanter)                 Turns: 61, Time: 00:01:03

Health: -10/14     AC:  2    Str:  4    XL:     2   Next: 10%
Magic:  0/6        EV: 18    Int: 16    God:    Dithmenos [......]
Gold:   243        SH:  0    Dex: 16    Spells: 3/6 levels left

rFire    . . .     SeeInvis +   a - +1 dagger
rCold    . . .     Gourm    .   (shield restricted)
rNeg     . . .     Faith    .   b - +0 robe
rPois    .         Spirit   .   (helmet restricted)
rElec    .         Reflect  .   (no cloak)
rCorr    .         Harm     .   (gloves unavailable)
MR       .....     NoTele   +   (boots unavailable)
Stlth    +++.......             (no amulet)
HPRegen  0.04/turn              (no ring)
MPRegen  0.10/turn              (no ring)

@: very slightly contaminated, very quick
A: very small, unfitting armour, see invisible, herbivore, speed 3, slow
metabolism 2
a: Renounce Religion


You were in the Dungeon.
You worshipped Dithmenos.
Dithmenos was noncommittal.
You were not hungry.

You visited 1 branch You collected 243 gold pieces.

Inventory:

Hand Weapons
 a - a +1 dagger (weapon)
Armour
 b - a +0 robe (worn)
Scrolls
 j - a scroll of blinking
Potions
 e - a potion of curing
 f - a potion of heal wounds
 g - a potion of haste
 h - 2 potions of magic
 i - a potion of berserk rage
Comestibles
 d - a ration


   Skills:
 + Level 1.4 Fighting
 * Level 3.3 Short Blades
 - Level 3.0 Dodging
 + Level 5.5 Stealth
 - Level 2.6 Spellcasting
 - Level 3.6 Hexes


You had 3 spell levels left.
You knew the following spells:

 Your Spells              Type           Power        Failure   Level  Hunger
a - Corona                Hex            ##.....      4%          1    #......
b - Ensorcelled Hibernat  Hex/Ice        #.....       14%         2    ##.....

Your spell library contained the following spells:

 Spells                   Type           Power        Failure   Level  Hunger
 Confuse                  Hex            ##......     13%         3    ###....
 Tukima's Dance           Hex            ##......     13%         3    ###....
 Dazzling Spray           Conj/Hex       #.....       28%         3    ###....


Dungeon Overview and Level Annotations

Branches:
Dungeon (1/1)

Altars:
Cheibriados
Dithmenos
Elyvilon
Fedhas
Gozag
Hepliaklqana
Kikubaaqudgha
Makhleb
Nemelex Xobeh
Okawaru
Qazlal
Ru
Sif Muna
Trog
Uskayaw
Vehumet
Wu Jian
Xom
Yredelemnul
Zin
The Shining One
Beogh
Jiyva
Lugonu

Annotations:
D Menkaure


Innate Abilities, Weirdness & Mutations

You are very small and have problems with some larger weapons.
You are too small for most types of armour.
You have supernaturally acute eyesight. (SInv)
You are a herbivore.
You cover ground extremely quickly.
You need to consume almost no food.


Message History

Found 3 bubbling dark potions.
Found an opulent altar of Gozag.
You open the door. The crocodile misses you.
Found 18 gold pieces and 15 arrows.
Found four altars.
There is an open door here.
Found eight items.
Found three altars.
Found 16 gold pieces, a scroll labeled NOMAHAFA TILIO and 16 stones.
Found 16 gold pieces and a ration.
There is a snail-covered altar of Cheibriados here.
Found a potion of berserk rage and a shiny garnet ring.
There is a shadowy altar of Dithmenos here.
You kneel at the altar of Dithmenos.
Dithmenos welcomes you!
Casting: Ensorcelled Hibernation (safe; 14% risk of failure)
Confirm with . or Enter, or press ? or * to list all spells.
Aiming: Ensorcelled Hibernation (safe; 14% risk of failure)
Press: ? - help, Shift-Dir - straight line, f - crocodile
Aim: a crocodile (severely wounded, chance to defeat MR: 38%)
The crocodile resists with some effort.
The crocodile bites you!
Ouch! That really hurt!
You die...

#.##..# +..# ▓(?!?$%
.###..# #..# #▓?($%?$=
##H+..####..####▓$(!!$$!
.†.#....###...##▓▓▓▓▓▓▓+
#.##......≈M≈≈≈≈≈≈≈≈≈≈≈
###≈≈.....≈#'########+##
#≈≈≈≈≈≈≈§§≈#.._.....#§§≈
#≈≈≈≈≈≈≈§§≈#._._....#§§§
≈≈≈≈≈§≈≈≈≈≈#_._t@...#≈§§
≈≈§§≈§§§≈§≈#._._._..#§≈t
+#≈§≈≈≈≈≈≈≈#_._._._.#§§§
##§≈≈###§≈#._._._._#§t≈
#≈≈#_._._._.#≈≈≈
#≈≈#..._._._#§§§
§≈≈##########≈§§
###≈≈≈≈≈≈≈≈≈≈§≈


You could see 3 crocodiles and Menkaure.

Vanquished Creatures
  3 worms (D)
3 creatures vanquished.

Notes
Turn   | Place    | Note
-------+----------+-------------------------------------------
     0 | D        | MuseOD the Spriggan Enchanter began the quest for the Orb.
     0 | D        | Reached XP level 1. HP: 9/9 MP: 5/5
     4 | D        | Reached skill level 5 in Stealth
     7 | D        | Reached skill level 1 in Fighting
     8 | D        | Reached XP level 2. HP: 14/14 MP: 6/6
    16 | D        | Learned a level 2 spell: Ensorcelled Hibernation
    22 | D        | Noticed a neqoxec
    22 | D        | Noticed a neqoxec
    22 | D        | Noticed a neqoxec
    22 | D        | Noticed a neqoxec
    25 | D        | Noticed a tyrant leech
    25 | D        | Noticed a tyrant leech
    29 | D        | Noticed a hippogriff
    29 | D        | Noticed a hippogriff
    41 | D        | Noticed a crocodile
    42 | D        | Noticed Menkaure
    46 | D        | Found a stormy altar of Qazlal.
    46 | D        | Found an ornate altar of the Wu Jian Council.
    47 | D        | Found a hazy altar of Hepliaklqana.
    47 | D        | Found a sacrificial altar of Ru.
    47 | D        | Found a shimmering altar of Xom.
    48 | D        | Found a roughly hewn altar of Beogh.
    48 | D        | Found a viscous altar of Jiyva.
    48 | D        | Found a deep blue altar of Sif Muna.
    49 | D        | Found a snail-covered altar of Cheibriados.
    49 | D        | Found an ancient bone altar of Kikubaaqudgha.
    49 | D        | Found a bloodstained altar of Trog.
    50 | D        | Found a shadowy altar of Dithmenos.
    50 | D        | Found a corrupted altar of Lugonu.
    51 | D        | Found a white marble altar of Elyvilon.
    51 | D        | Found a burning altar of Makhleb.
    52 | D        | Found a blossoming altar of Fedhas.
    53 | D        | Found an opulent altar of Gozag.
    55 | D        | Found a glowing golden altar of the Shining One.
    55 | D        | Found a basalt altar of Yredelemnul.
    55 | D        | Found a hide-covered altar of Uskayaw.
    55 | D        | Found a sparkling altar of Nemelex Xobeh.
    56 | D        | Found a glowing silver altar of Zin.
    56 | D        | Found a radiant altar of Vehumet.
    56 | D        | Found an iron altar of Okawaru.
    58 | D        | Noticed a crocodile
    59 | D        | Noticed a crocodile
    60 | D        | Became a worshipper of Dithmenos the Shadowed
    61 | D        | Mangled by a crocodile

Skill      XL: |  1 |
---------------+----+-----
Short Blades   | 3 |  3.3
Stealth        | 5 |  5.5
Fighting       | 1 |  1.4
Dodging        | |  3.0
Spellcasting   | |  2.6
Hexes          | |  3.6

Action                   || total
-------------------------++-------
Melee: Dagger            ||     3
 Cast: Ensorcelled Hiber ||     3
 Stab: Sleeping          ||     3
Dodge: Dodged            ||     8
